 Dungeon Crawl Stone Soup version 0.31-a0-441-g867994ef1c (webtiles) character file.

Game seed: 12641613239593978972

638 Xavori the Covered (level 7, -1/51 HPs)
             Began as a Djinni Chaos Knight on Aug 2, 2023.
             Was a Plaything of Xom.
             Slain by a gnoll
             ... wielding a +0 halberd
             ... led by a gnoll bouda
              (12 damage)
             ... on level 5 of the Dungeon.
             The game lasted 00:04:32 (12248 turns).

Xavori the Covered (Djinni Chaos Knight)           Turns: 12248, Time: 00:04:33

Health: -1/51      AC: 23    Str: 18    XL:     7   Next: 80%
Gold:   801        EV:  2    Int: 19    God:    Xom [....*.] SH:  0 Dex: 12

rFire   + + .        l - +2 long sword (heavy)
rCold   x . .        (no shield)
rNeg    . . .        s - +1 crystal plate armour of the Imp {Will++ Int+5}
rPois   ∞            (helmet restricted)
rElec   +            (no cloak)
rCorr   .            q - +0 pair of gloves
SInv    +            (boots unavailable)
Will    +++..        (no amulet) Stlth
                     r - ring of Mistrust {rElec Str+5 SInv Stlth+}
HPRegen 0.28/turn    (no ring)
MPRegen 0.00/turn

%: clarity, infuse magic (-2 HP)
@: brilliant, flying
A: sickness immunity, fire resistance 2, cold vulnerability 1, float, innate
caster, HP casting, extra vitality 1, fangs 1, horns 1, iridescent scales 2,
clarity, strong-willed 1
a: Renounce Religion


You were on level 5 of the Dungeon.
You worshipped Xom.
You were a beloved toy of Xom.
You visited 1 branch of the dungeon, and saw 5 of its levels.

You collected 892 gold pieces.
You spent 91 gold pieces at shops.

Inventory:

Hand Weapons
 a - a +1 falchion of chaos
 l - a +2 heavy long sword (weapon)
Armour
 b - a +2 leather armour
 h - a +3 scale mail
 q - a +0 pair of gloves (worn)
 s - the +1 crystal plate armour of the Imp (worn) {Will++ Int+5}
   (You acquired it on level 4 of the Dungeon)

   Int:       It affects your intelligence (+5).
   Will:      It greatly increases your willpower.
Jewellery
 j - a ring of positive energy
 r - the ring of Mistrust (left hand) {rElec Str+5 SInv Stlth+}
   (You acquired it on level 4 of the Dungeon)

   [ring of see invisible]

   Str:       It affects your strength (+5).
   rElec:     It insulates you from electricity.
   SInv:      It lets you see invisible.
   Stlth:     It makes you more stealthy.
Wands
 u - a wand of polymorph (11)
Scrolls
 c - a scroll of butterflies
 e - a scroll of amnesia {unknown}
 f - a scroll of enchant weapon
 i - 2 scrolls of fog {unknown}
 k - a scroll of immolation {unknown}
 m - 2 scrolls of teleportation {unknown}
 v - a scroll of identify {unknown}
Potions
 d - a potion of haste
 g - 2 potions of attraction {unknown}
 n - 3 potions of curing {unknown}
 o - 2 potions of heal wounds
 p - a potion of might {unknown}
 t - a potion of enlightenment {unknown}


   Skills:
 + Level 3.8 Fighting
 + Level 4.4 Long Blades
 * Level 4.5 Armour
 + Level 3.0 Dodging
 + Level 2.0 Stealth
 * Level 1.8 Spellcasting
 * Level 1.8 Conjurations
 * Level 1.8 Hexes
 * Level 1.8 Summonings
 * Level 1.8 Necromancy
 * Level 1.8 Translocations
 * Level 1.8 Transmutations
 * Level 1.8 Fire Magic
 * Level 1.8 Ice Magic
 * Level 1.8 Air Magic
 * Level 1.8 Earth Magic
 * Level 1.8 Poison Magic


You knew the following spells:

 Your Spells              Type           Power      Damage    Failure   Level
a - Slow                  Hex            48%        N/A       100%        1
b - Call Imp              Summ           24%        N/A       100%        2
c - Wereblood             Tmut           12%        N/A       100%        2
Your spell library was empty.


Dungeon Overview and Level Annotations

Branches:
Dungeon (5/15)
 Temple: D:4-7

Altars:
Makhleb
Okawaru

Shops:
D:1 ***   D:4 :


Innate Abilities, Weirdness & Mutations

You are immune to sickness and miasma.
You are immune to poison.
Your flesh is very heat resistant. (rF++)
You are vulnerable to cold. (rC-)
You float through the air rather than walking.
You learn spells naturally, not from books.
Your magical power is your life essence.
You have superior vitality. (+4 MHP)
You have very sharp teeth.
You have a pair of small horns on your head.
You are mostly covered in iridescent scales. (AC +4)
You possess an exceptional clarity of mind.
You are strong-willed. (Will+)


Message History

You completely miss the gnoll bouda.
The gnoll bouda is severely wounded.
The gnoll bouda hits you with a +0 whip.
Unknown command.
You slash the gnoll bouda!
You kill the gnoll bouda!
The gnoll is no longer moving quickly.
A gnoll comes into view. It is wielding a +0 spear.
The gnoll hits you with a +0 flail! The gnoll barely misses you.
The gnoll shouts!
You slice the gnoll!!
You kill the gnoll!
The gnoll is no longer moving quickly.
A gnoll comes into view. It is wielding a +0 flail.
The gnoll hits you but does no damage.
Unknown command.
You barely miss the gnoll. "Go forth and destroy!"
You feel clever all of a sudden.
You are now a beloved toy of Xom.
The gnoll hits you but does no damage. The gnoll hits you with a +0 flail.
The gnoll hits you but does no damage.
Unknown command.
You closely miss the gnoll. Your headbutt misses the gnoll.
The gnoll hits you but does no damage. x3
The gnoll hits you from afar with a +0 halberd!
You slash the gnoll!
The gnoll is heavily wounded.
The gnoll hits you but does no damage.
The gnoll hits you from afar with a +0 halberd.
A gnoll comes into view. It is wielding a +0 flail.
The gnoll hits you with a +0 flail.
* * * LOW HITPOINT WARNING * * *
The gnoll shouts!
You slash the gnoll!
You kill the gnoll!
The gnoll hits you from afar with a +0 halberd.
* * * LOW HITPOINT WARNING * * *
The gnoll hits you from afar with a +0 halberd!
You die...

# ...# #..# #.##.##
#.[#
.#.#.#...#######..#
......._..........#
####.(.#.#.###..#
##.##.#......#
#....#...#.##
#.####...#.#
##.gg)@...#.#
#.gg####..#.#
#.#.).....#.#
#.####.##.#.#########
#.###.#.#.#.......... ∆
#...##.###..#..########
#.#####.#.###..# #.
##†## #..# ∆ < #.#
#..##


You could see 4 gnolls.

Vanquished Creatures
  2 hounds (D:5)
  A gnoll bouda (D:5)
  An orc priest (D:4)
  2 iguanas (D:5)
  4 gnolls
  5 adders
  An ufetubus (D:4)
  2 worms
  A dart slug (D:3)
  6 orcs
  7 endoplasms
  5 giant cockroaches
  7 goblins
  10 hobgoblins
  A jackal (D:1)
  6 quokkas
  3 ball pythons (D:2)
  4 bats
  4 frilled lizards
  5 kobolds
  4 rats
81 creatures vanquished.

Vanquished Creatures (collateral kills)
  Sigmund (D:2)
  A black bear (D:4)
  A hound (D:5)
  A ball python (D:1)
  2 goblins
  A hobgoblin (D:1)
  A jackal (D:1)
  A kobold (D:1)
  A bat (D:1)
  2 rats (D:1)
12 creatures vanquished.

Vanquished Creatures (others)
  An endoplasm zombie (D:1)
1 creature vanquished.

Grand Total: 94 creatures vanquished

Notes
Turn   | Place    | Note
-------+----------+-------------------------------------------
     0 | D:1      | Xavori the Djinni Chaos Knight began the quest for the Orb.
     0 | D:1      | Reached XP level 1. HP: 20/20 MP: 0/0
    20 | D:1      | XOM: silly message
    68 | D:1      | Reached XP level 2. HP: 24/25 MP: 0/0
    82 | D:1      | XOM: silly message
   197 | D:1      | Reached XP level 3. HP: 28/30 MP: 0/0
   197 | D:1      | Learned a level 1 spell: Slow
   246 | D:1      | Found Abiokk's General Store.
   292 | D:1      | Found Piatzoss's General Store.
   354 | D:1      | Found Imyentaz's Assorted Antiques.
   931 | D:1      | XOM: god gift: 48 gold pieces
   936 | D:1      | XOM: god gift: 30 gold pieces
  2373 | D:1      | XOM: torment (16/30 hp)
  3146 | D:1      | XOM: noise
  3854 | D:1      | XOM: give mutations
  3854 | D:1      | Gained mutation: You are frail. (-10% HP) [Xom's mischief]
  3854 | D:1      | Gained mutation: You are partially covered in iridescent
                  | scales. (AC +2) [Xom's mischief]
  5396 | D:1      | XOM: silly message
  5618 | D:1      | XOM is BORED!
  5662 | D:1      | XOM: god gift: smoky cyan potion {god gift}
  5902 | D:1      | XOM: noise
  6185 | D:1      | XOM: divination: detect creatures
  6368 | D:1      | XOM: cloud trail
  6899 | D:1      | XOM: give mutations
  6899 | D:1      | Lost mutation: You are frail. (-10% HP) [Xom's mischief]
  6899 | D:1      | Gained mutation: You occasionally lose the ability to drink
                  | potions when taking damage. [Xom's mischief]
  6899 | D:1      | Lost mutation: You occasionally lose the ability to drink
                  | potions when taking damage. [Xom's mischief]
  6899 | D:1      | Gained mutation: You expend health (3 HP) to strengthen
                  | your wands. [Xom's mischief]
  7046 | D:1      | XOM: silly message
  7275 | D:1      | XOM: torment (16/30 hp)
  7720 | D:1      | XOM: summons 2 hostile demons
  7721 | D:1      | Noticed a rust devil
  7728 | D:2      | XOM: noise
  7730 | D:2      | XOM: noise
  7734 | D:2      | Reached XP level 4. HP: 30/35 MP: 0/0
  8306 | D:1      | XOM is BORED!
  8769 | D:1      | XOM: noise
  9187 | D:1      | XOM: noise
  9592 | D:1      | XOM: give mutations
  9592 | D:1      | Gained mutation: You possess an exceptional clarity of
                  | mind. [Xom's grace]
  9592 | D:1      | Gained mutation: You are strong-willed. (Will+) [Xom's
                  | grace]
  9592 | D:1      | Gained mutation: You are mostly covered in iridescent
                  | scales. (AC +4) [Xom's grace]
  9592 | D:1      | Gained mutation: You have a pair of small horns on your
                  | head. [Xom's grace]
  9921 | D:1      | XOM: god gift: runed scale mail {god gift}
  9969 | D:1      | Bought a murky yellow potion for 22 gold pieces
  9969 | D:1      | Bought a scroll labelled FIOTOM JYEFO for 25 gold pieces
  9969 | D:1      | Bought an amethyst potion for 22 gold pieces
  9969 | D:1      | Bought a cyan potion for 22 gold pieces
 10038 | D:2      | XOM: noise
 10067 | D:2      | XOM: give mutations
 10067 | D:2      | Gained mutation: You have very sharp teeth. [Xom's
                  | mischief]
 10067 | D:2      | Lost mutation: You expend health (3 HP) to strengthen your
                  | wands. [Xom's mischief]
 10067 | D:2      | Noticed Sigmund
 10068 | D:2      | XOM: summons friendly iron imp
 10073 | D:2      | XOM: blink monster(s)
 10080 | D:2      | Killed Sigmund
 10081 | D:2      | Reached skill level 1 in Stealth
 10081 | D:2      | Reached skill level 1 in Spellcasting
 10081 | D:2      | Reached skill level 1 in Conjurations
 10081 | D:2      | Reached skill level 1 in Hexes
 10081 | D:2      | Reached skill level 1 in Summonings
 10081 | D:2      | Reached skill level 1 in Necromancy
 10081 | D:2      | Reached skill level 1 in Translocations
 10081 | D:2      | Reached skill level 1 in Transmutations
 10081 | D:2      | Reached skill level 1 in Fire Magic
 10081 | D:2      | Reached skill level 1 in Ice Magic
 10081 | D:2      | Reached skill level 1 in Air Magic
 10081 | D:2      | Reached skill level 1 in Earth Magic
 10081 | D:2      | Reached skill level 1 in Poison Magic
 10081 | D:2      | Reached XP level 5. HP: 10/40 MP: 0/0
 10081 | D:2      | Learned a level 2 spell: Call Imp
 10081 | D:2      | Reached XP level 6. HP: 11/46 MP: 0/0
 10125 | D:2      | XOM: polymorph iron imp -> crimson imp
 10366 | D:2      | XOM: enchant monster (good)
 10445 | D:2      | XOM: divination: detect items
 10518 | D:2      | You are sucked into a shaft and drop 2 floors!
 10519 | D:4      | Found an iron altar of Okawaru.
 10565 | D:4      | Found Lurenak's Tiny Tomes.
 10583 | D:4      | Noticed a black bear
 10587 | D:4      | XOM: cast spell 'Summon Mana Viper'
 10589 | D:4      | Killed a black bear
 10634 | D:4      | Reached XP level 7. HP: 48/50 MP: 0/0
 10634 | D:4      | Learned a level 2 spell: Wereblood
 10690 | D:3      | Found a burning altar of Makhleb.
 10705 | D:3      | XOM: cloud trail
 11641 | D:4      | Identified 3 scrolls of acquirement
 11641 | D:4      | Acquired the ring of Mistrust {rElec Str+5 SInv Stlth+}
 11644 | D:4      | Acquired the +1 crystal plate armour of the Imp {Will++
                  | Int+5}
 11656 | D:4      | Acquired 527 gold pieces
 11733 | D:4      | XOM: silly message
 11760 | D:4      | XOM: silly message
 11886 | D:5      | Entered Level 5 of the Dungeon
 11888 | D:5      | XOM: cast spell 'Summon Cactus Giant'
 12218 | D:5      | XOM: noise
 12238 | D:5      | XOM: divination: detect items
 12245 | D:5      | XOM: potion effect (brilliance)
 12248 | D:5      | Slain by a gnoll

Illustrated notes

Levels and vault maps discovered:
D:1:      tarquinn_simple_flora_water_c, layout_rooms, serial_shops, shop, shop,
          shop, minmay_pentomino_x2
D:2:      layout_rooms, serial_corexii_hall, chequers_hall_statues_y,
          corexii_hall_statues_x, uniq_sigmund
D:3:      layout_rooms, general_overflow_altar, mainiacjoe_overflow_chevrons
D:4:      layout_rooms, okawaru_ov_weapons_minmay, corexii_shack,
          hangedman_glass_garden, nicolae_shop_i_like_small_books_too,
          kennysheep_generic_room_5
D:5:      layout_loops_ring, nicolae_overflow_crystal_walls,
          nicolae_overflows_in_rows, minmay_temple_entry_hall,
          reono_crystal_passage, serial_park_tiny_2

Skill      XL: |  1  2  3  4  5  6  7 |
---------------+----------------------+-----
Long Blades    | 3 4 |  4.4
Armour         | 3 4 |  4.5
Stealth        | 1 2 |  2.0
Spellcasting   | 1 |  1.8
Conjurations   | 1 |  1.8
Hexes          | 1 |  1.8
Summonings     | 1 |  1.8
Necromancy     | 1 |  1.8
Translocations | 1 |  1.8
Transmutations | 1 |  1.8
Fire Magic     | 1 |  1.8
Ice Magic      | 1 |  1.8
Air Magic      | 1 |  1.8
Earth Magic    | 1 |  1.8
Poison Magic   | 1 |  1.8
Dodging        | 3 |  3.0
Fighting       | |  3.8

Action                     |  1- 3 |  4- 6 |  7- 9 || total
---------------------------+-------+-------+-------++-------
  Melee: Falchion          |    69 |    80 |    18 ||   167
         Headbutt          |       |    13 |    10 ||    23
         Bite              |       |     4 |     6 ||    10
         Punch             |       |     1 |     3 ||     4
         Long sword        |       |       |    74 ||    74
    Use: Potion            |     1 |     4 |       ||     5
         Scroll            |       |     3 |     3 ||     6
   Stab: Petrified         |       |     2 |       ||     2
         Paralysed         |       |     1 |       ||     1
         Distracted        |       |       |     1 ||     1
 Armour: Leather armour    |    40 |     4 |       ||    44
         Scale mail        |       |    46 |    24 ||    70
         Crystal plate arm |       |       |    81 ||    81
  Dodge: Dodged            |    66 |    50 |    39 ||   155

Table legend: (Time is in decaauts)
 A = Elapsed time spent in this place.
 B = Non-inter-level travel time spent in this place.
 C = Inter-level travel time spent in this place.
 D = Time resting spent in this place.
 E = Time spent auto-exploring this place.
 F = Levels seen in this place.
 G = Mean time per level.
                   A        B        C        D        E       F      G
               +--------+--------+--------+--------+--------+-----+--------+
         Total |  12314 |  12131 |    183 |   9595 |   1840 |   5 | 2462.8 |
       Dungeon |  12314 |  12131 |    183 |   9595 |   1840 |   5 | 2462.8 |
               +--------+--------+--------+--------+--------+-----+--------+

Top non-repeatable levels by time:
     D:1: 9960 daAuts
     D:2: 900 daAuts
     D:3: 560 daAuts
     D:4: 501 daAuts
     D:5: 392 daAuts
